 Dungeon Crawl Stone Soup version 0.22-a0-855-g415d086bb8 (webtiles) character file.

226 LLavrengius the Chopper (level 6, -9/48 HPs)
             Began as a Formicid Fighter on July 27, 2018.
             Mangled by an orc warrior
             ... wielding a +0 flail
              (11 damage)
             ... on level 3 of the Dungeon.
             The game lasted 00:07:06 (2557 turns).

LLavrengius the Chopper (Formicid Fighter)          Turns: 2557, Time: 00:07:07

Health: -9/48      AC:  8    Str: 27    XL:     6   Next: 21%
Magic:  6/6        EV:  8    Int:  7    God:
Gold:   155        SH: 10    Dex: 11    Spells: 5/5 levels left

rFire    . . .     SeeInvis +   a - +0 war axe
rCold    . . .     Gourm    .   c - +0 shield
rNeg     . . .     Faith    .   u - +0 scale mail
rPois    .         Spirit   .   (helmet unavailable)
rElec    .         Reflect  .   z - +0 cloak
rCorr    .         Harm     .   (no gloves)
MR       .....                  (no boots)
Stlth    ..........             (no amulet)
HPRegen  0.16/turn              (no ring)
MPRegen  0.10/turn              (no ring)

@: mighty
A: permanent stasis, dig shafts and tunnels, four strong arms, antennae 3
a: Dig, Shaft Self


You were on level 3 of the Dungeon.
You were hungry.

You visited 1 branch of the dungeon, and saw 4 of its levels.

You collected 155 gold pieces.

Inventory:

Hand Weapons
 a - a +0 war axe (weapon)
Missiles
 o - 74 arrows
 t - 51 sling bullets
 w - 4 tomahawks (quivered)
 y - 4 stones
Armour
 c - a +0 shield (worn)
 u - a +0 scale mail (worn)
 z - a +0 cloak (worn)
Jewellery
 q - an uncursed amulet of guardian spirit {unknown}
Wands
 x - a wand of iceblast (8)
Scrolls
 e - a scroll of amnesia {unknown}
 g - a scroll of teleportation {unknown}
 j - a scroll of blinking {unknown}
 m - a scroll of fog {unknown}
 p - 4 scrolls of identify {unknown}
 r - a scroll of remove curse {unknown}
Potions
 b - a potion of degeneration {unknown}
 d - a potion of might
 h - 2 potions of flight {unknown}
 i - a potion of berserk rage {unknown}
 k - 2 potions of lignification {unknown}
 l - 2 potions of heal wounds {unknown}
 n - 2 potions of curing {unknown}
 s - a potion of cancellation {unknown}
 v - a potion of ambrosia {unknown}
Comestibles
 f - 5 rations


   Skills:
 - Level 4.0 Fighting
 + Level 5.4 Axes
 - Level 3.2 Armour
 - Level 4.0 Shields


You had 5 spell levels left.
You didn't know any spells.
Your spell library was empty.

Dungeon Overview and Level Annotations

Branches:
Dungeon (4/15)
 Temple: D:4-7

Altars:


Innate Abilities, Weirdness & Mutations

You cannot be hasted, slowed, berserked, paralysed or teleported.
You can dig through walls and to a lower floor.
Your four strong arms can wield two-handed weapons with a shield.
You have a pair of large antennae on your head. (SInv)


Message History

You barely miss the orc warrior.
The orc priest looks encouraged for a moment.
The orc warrior hits you with a flail!
You slash the orc priest!
The orc priest is heavily wounded.
You hit the orc warrior but do no damage.
You block the orc priest's attack. The orc warrior hits you with a flail!
You slash the orc priest!
You kill the orc priest!
You hit the orc warrior. The orc warrior hits you with a flail!
* * * LOW HITPOINT WARNING * * *
You feel very mighty all of a sudden. The orc warrior barely misses you.
You hit the orc warrior but do no damage.
The orc warrior is moderately wounded.
You block the orc warrior's attack.
You barely miss the orc warrior.
The orc warrior is moderately wounded.
The orc warrior hits you with a flail!
You die...

#######.............#
....................#
.######.<.........#.#
....................#
##..######.......)..#
#..## #..........#
..## #..........# .##
#..........# .#
##.....@..## .##
##...)o..# ..#####
##......# ......##
#.....## ##.##..####
#.....##
.#........###.#....#
..####........#..#.#
#...#####.##.....###
###........##.)..#


You could see an orc warrior.

Vanquished Creatures
  Crazy Yiuf (D:3)
  An orc priest (D:3)
  Ijyb (D:3)
  Terence (D:3)
  5 adders
  An ooze (D:1)
  A dart slug (D:2)
  4 leopard geckos
  An orc (D:3)
  A ball python (D:2)
  4 giant cockroaches
  10 goblins
  6 hobgoblins
  11 bats
  7 frilled lizards
  5 kobolds
  6 rats
66 creatures vanquished.

Notes
Turn   | Place    | Note
-------+----------+-------------------------------------------
     0 | D:1      | LLavrengius the Formicid Fighter began the quest for the Orb.
     0 | D:1      | Reached XP level 1. HP: 18/18 MP: 1/1
    47 | D:1      | Reached XP level 2. HP: 18/24 MP: 2/2
   325 | D:1      | Reached XP level 3. HP: 25/30 MP: 3/3
   992 | D:2      | Reached skill level 3 in Axes
  1033 | D:2      | Reached XP level 4. HP: 37/37 MP: 4/4
  1747 | D:3      | Noticed Terence
  1754 | D:3      | Killed Terence
  1754 | D:3      | Reached skill level 4 in Axes
  1754 | D:3      | Reached XP level 5. HP: 37/42 MP: 5/5
  1864 | D:3      | Found a runed door.
  1904 | D:3      | Noticed Ijyb
  1927 | D:3      | Killed Ijyb
  2012 | D:3      | Noticed Crazy Yiuf
  2020 | D:3      | Killed Crazy Yiuf
  2020 | D:3      | Reached skill level 5 in Axes
  2020 | D:3      | Reached XP level 6. HP: 5/48 MP: 6/6
  2548 | D:4      | Noticed an orc warrior
  2554 | D:3      | HP: 1/48 [orc warrior/flail (15)]
  2557 | D:3      | Mangled by an orc warrior

Vault maps used:
D:1:      minmay_arrival_solitary_statue, minmay_misc_feat_room,
          minmay_misc_feat_cross, st_stairs_5, minmay_tall_x
D:3:      uniq_terence, uniq_ijyb, uniq_crazy_yiuf_cottage

Skill      XL: |  1  2  3  4  5 |
---------------+----------------+-----
Shields        | 4 |  4.0
Fighting       | 4 |  4.0
Axes           | 3 4 5 |  5.4
Armour         | |  3.2

Action                   |  1- 3 |  4- 6 || total
-------------------------+-------+-------++-------
Melee: War axe           |   102 |   128 ||   230
  Use: Potion            |       |     1 ||     1
  Eat: Chunk             |     1 |     4 ||     5
Armor: Scale mail        |    51 |    41 ||    92
Dodge: Dodged            |    40 |    38 ||    78
Block: Shield            |    47 |    74 ||   121

Table legend:
 A = Spawn XP
 B = Non-spawn XP
 C = Spawn XP percentage of total XP
 D = Spawn monster count
 E = Non-spawn monster count
 F = Spawn count percentage of total count
 G = Total turns spent on level
                    A         B        C        D         E        F      G
               +---------+---------+-------+---------+---------+-------+---------
         Total |       0 |     323 |   0.0 |       0 |      66 |   0.0 |  2557
               +---------+---------+-------+---------+---------+-------+---------
           D:1 |       0 |      46 |   0.0 |       0 |      25 |   0.0 |   669
           D:2 |       0 |      80 |   0.0 |       0 |      20 |   0.0 |  1044
           D:3 |       0 |     197 |   0.0 |       0 |      21 |   0.0 |   842
               +---------+---------+-------+---------+---------+-------+---------
